 Dungeon Crawl Stone Soup version 0.31.0-11-ge490571c62 (webtiles) character file.

Game seed: 116022273712711655

237 Gadfly the Ruffian (level 5, -2/42 HPs)
             Began as a Draconian Shapeshifter on Jan 26, 2024.
             Slain by an orc
             ... wielding a +0 falchion
              (6 damage)
             ... on level 4 of the Dungeon.
             The game lasted 00:05:20 (2979 turns).

Gadfly the Ruffian (Draconian Shapeshifter)         Turns: 2979, Time: 00:05:21

Health: -2/42      AC:  5    Str: 19    XL:     5   Next: 77%
Magic:  5/5        EV: 17    Int: 10    God:
Gold:   196        SH:  0    Dex: 10    Spells: 1/4 levels left

rFire   . .          .
                       - Unarmed
rCold   . . .        (no shield)
rNeg    . . .        (body armour unavailable)
rPois   .            (helmet currently unavailable)
rElec   .            (cloak currently unavailable)
rCorr   .            (gloves currently unavailable)
SInv    +            d - melded +0 pair of boots
Will    .....        (no amulet)
Stlth   +            h - +5 ring of evasion
HPRegen 0.27/turn    l - ring of see invisible
MPRegen 0.09/turn

%: no passive effects
@: confused, beast-form
A: beast (slay +2), AC +5, unfitting armour, cold-blooded
a: Begin Untransformation


You were on level 4 of the Dungeon.
You were a hulking beast.
You visited 1 branch of the dungeon, and saw 4 of its levels.

You collected 196 gold pieces.

Inventory:

Hand Weapons
 m - a +2 trident of distortion
Missiles
 j - a throwing net (quivered)
Armour
 d - a +0 pair of boots (melded)
Jewellery
 h - a +5 ring of evasion (left hand)
 l - a ring of see invisible (right hand)
 q - a ring of poison resistance
Talismans
 b - a beast talisman (active)
 c - a flux talisman
Wands
 k - a wand of paralysis (10)
Scrolls
 n - a scroll of fear
 o - a scroll of poison
Potions
 a - a potion of lignification
 e - a potion of attraction
 f - a potion of curing
 g - a potion of heal wounds {unknown}
 i - a potion of might {unknown}
 p - a potion of haste {unknown}


   Skills:
 + Level 2.4 Fighting
 * Level 3.3 Dodging
 + Level 3.8 Unarmed Combat
 * Level 2.7 Evocations
 + Level 3.5 Shapeshifting


You had one spell level left.
You knew the following spells:

 Your Spells              Type           Power      Damage    Failure   Level
a - Passwall              Erth           0%         N/A       75%         3

Your spell library contained the following spells:

 Spells                   Type           Power      Damage    Failure   Level
 Apportation              Tloc           0%         N/A       36%         1
 Necrotise                Necr           0%         1d4       36%         1
 Sandblast                Erth           0%         2d4       36%         1
 Sting                    Conj/Alch      0%         1d3       36%         1
 Summon Small Mammal      Summ           0%         N/A       36%         1
 Ozocubu's Armour         Ice            0%         N/A       75%         3
 Stone Arrow              Conj/Erth      0%         3d7       75%         3
 Brom's Barrelling Bould  Conj/Erth      0%         2d3       98%         4
 Metabolic Englaciation   Hex/Ice        0%         N/A       100%        5
 Sculpt Simulacrum        Ice/Alch       0%         N/A       100%        6


Dungeon Overview and Level Annotations

Branches:
Dungeon (4/15)             Temple (0/1) D:4

Altars:
Ashenzari


Innate Abilities, Weirdness & Mutations

You are a hulking beast.
Your limbs bulge with bestial killing power. (Slay +2)
Your plain brown scales are hard. (AC +5)
You cannot fit into any form of body armour.
You are cold-blooded and may be slowed by cold attacks.


Message History

Something hits you. The orc hits you with a +0 falchion.
You hit the orc but do no damage.
The orc is moderately wounded.
Something hits you. The orc barely misses you.
You are too injured to fight recklessly!
You are too injured to fight recklessly!
You are too injured to fight recklessly!
You are too injured to fight recklessly!
You are too injured to fight recklessly!
You are too injured to fight recklessly!
You are too injured to fight recklessly!
You are too injured to fight recklessly!
You are too injured to fight recklessly!
You hit something.
Your tail-slap misses something.
Something closely misses you. The orc misses you.
You hear some strange, mumbled words.
You are confused.
The orc hits you with a +0 falchion.
You hear some strange, mumbled words.
A magic dart appears from out of thin air!
The magic dart hits you.
You're wearing all the rings you can.
Remove which one? (? for menu, Esc to cancel) < or
h - a +5 ring of evasion; > or
q - a ring of poison resistance You remove your ring of poison resistance.
The orc barely misses you. Something hits you.
Reactivating autopickup.
l - a ring of see invisible (right hand)
You bump into the rock wall.
The orc hits you with a +0 falchion. The orc wizard closely misses you.
You completely miss the orc wizard.
The orc wizard is heavily wounded.
The orc hits you but does no damage. The orc wizard casts a spell at you.
The puff of flame hits you!
* * * LOW HITPOINT WARNING * * *
You miss the orc wizard.
The orc wizard is heavily wounded.
The orc hits you with a +0 falchion.
You die...

...⌠...#.##.###..#...###
.........##.# #......# #
.⌠.>.⌠......# #.##...# #
............###.##...###
...⌠........##..........
.....................##.
................##...###
###oo........##......
#...h........##...#..
#..#####.........)....
#.. #.......#....#. #.
##(............. ..
######...........#### #
##...#..#....#..###
##...............#
#......<.###....###
#......[.#........#


You could see an orc wizard (invisible) and an orc.

Vanquished Creatures
  A jelly (D:3)
  An orc priest (D:3)
  Natasha (thrice) (D:2)
  An iguana (D:4)
  An adder (D:4)
  A dart slug (D:1)
  4 orcs
  2 ball pythons
  8 endoplasms
  5 giant cockroaches
  4 goblins
  8 hobgoblins
  4 quokkas
  4 bats
  8 frilled lizards
  8 kobolds
  6 rats
69 creatures vanquished.

Notes
Turn   | Place    | Note
-------+----------+-------------------------------------------
     0 | D:1      | Gadfly the Draconian Shapeshifter began the quest for the
                  | Orb.
     0 | D:1      | Reached XP level 1. HP: 16/16 MP: 1/1
   111 | D:1      | Reached XP level 2. HP: 23/23 MP: 2/2
   471 | D:1      | Reached skill level 1 in Evocations
   989 | D:2      | Noticed Natasha
   994 | D:2      | Killed Natasha
   995 | D:2      | Reached XP level 3. HP: 21/29 MP: 3/3
  1151 | D:2      | Noticed Natasha
  1161 | D:2      | Killed Natasha
  1162 | D:2      | Reached XP level 4. HP: 25/36 MP: 4/4
  1283 | D:2      | Learned a level 3 spell: Passwall
  1375 | D:2      | Noticed Natasha
  1385 | D:2      | Killed Natasha
  1650 | D:3      | Found a broken altar of Ashenzari.
  1966 | D:3      | Reached XP level 5. HP: 32/41 MP: 5/5
  2957 | D:4      | Found a staircase to the Ecumenical Temple.
  2979 | D:4      | Slain by an orc

Illustrated notes

Levels and vault maps discovered:
D:1:      saegor_arrival_simple_d, layout_loops_corners
D:2:      layout_basic, minmay_pentomino_s2, uniq_natasha
D:3:      layout_basic, mainiacjoe_overflow_cross_hatched,
          kennysheep_generic_room_9
D:4:      layout_rooms, temple_fountains

Skill      XL: |  1  2  3  4 |
---------------+-------------+-----
Dodging        | 2 3 |  3.3
Evocations     | 1 2 |  2.7
Fighting       | 2 |  2.4
Unarmed Combat | |  3.8
Shapeshifting  | |  3.5

Action                     |  1- 3 |  4- 6 || total
---------------------------+-------+-------++-------
  Melee: Unarmed           |    77 |   107 ||   184
         Tailslap          |     7 |    16 ||    23
         Punch             |       |     1 ||     1
Ability: Begin Untransform |       |     1 ||     1
    Use: Scroll            |     4 |     5 ||     9
   Stab: Sleeping          |       |     1 ||     1
 Armour: Skin              |    36 |    43 ||    79
  Dodge: Dodged            |    40 |    72 ||   112
   Form: Beast             |       |     1 ||     1
